 Dungeon Crawl Stone Soup version 0.23.2-1-ga50397a6bc (webtiles) character file.

Game seed: 3990646880426422298

72 Marnok the Ducker (level 4, 0/42 HPs)
             Began as a Deep Dwarf Monk on Apr 17, 2019.
             Slain by Crazy Yiuf
             ... wielding a +2 quarterstaff of chaos
              (5 damage)
             ... on level 2 of the Dungeon.
             The game lasted 00:06:13 (1316 turns).

Marnok the Ducker (Deep Dwarf Monk)                 Turns: 1316, Time: 00:06:14

Health: 0/42       AC: 11    Str: 14 (15) XL:     4   Next: 7%
Magic:  12/13 (4)  EV: 10    Int:  9 (10) God:
Gold:   138        SH:  0    Dex: 18 (21) Spells: 3/3 levels left

rFire    . . .     SeeInvis .   a - +0 spear
rCold    . . .     Gourm    .   (no shield)
rNeg     . . .     Faith    .   n - +0 plate armour
rPois    .         Spirit   .   (no helmet)
rElec    .         Reflect  .   (no cloak)
rCorr    .         Harm     .   g - +0 pair of gloves
MR       .....                  (no boots)
Stlth    ..........             (no amulet)
HPRegen  0.00/turn              j - ring of magical power
MPRegen  0.13/turn              (no ring)

@: agile, non-regenerating, hasted and slowed, lightly drained
A: damage resistance, heal wounds, sense surroundings 1, no regeneration
a: Heal Wounds


You were on level 2 of the Dungeon.
You were hungry.

You visited 1 branch of the dungeon, and saw 2 of its levels.

You collected 138 gold pieces.

Inventory:

Hand Weapons
 a - a +0 spear (weapon)
 h - a +4 hand axe
 p - a +2 rapier of flaming
Missiles
 m - 3 tomahawks (quivered)
Armour
 b - a +0 robe
 g - a +0 pair of gloves (worn)
 n - a +0 plate armour (worn)
Jewellery
 j - a ring of magical power (left hand)
Scrolls
 d - 5 scrolls of identify {unknown}
 f - a scroll of enchant weapon {unknown}
 k - a scroll of teleportation {unknown}
 l - 2 scrolls of remove curse {unknown}
 o - a scroll of magic mapping {unknown}
 s - a scroll of fear {unknown}
 t - a scroll of immolation {unknown}
Comestibles
 c - 4 rations


   Skills:
 + Level 3.1(2.7) Fighting
 + Level 3.4(3.1) Polearms
 + Level 0.4(0.1) Armour
 + Level 4.0(3.7) Dodging
 + Level 3.1(2.8) Stealth


You had 3 spell levels left.
You didn't know any spells.
Your spell library was empty.

Dungeon Overview and Level Annotations

Branches:
Dungeon (2/15)

Altars:

Annotations:
D:2 Crazy Yiuf


Innate Abilities, Weirdness & Mutations

You are resistant to damage.
You can heal yourself by infusing magical energy.
You passively map a small area around you.
You do not regenerate.


Message History

Crazy Yiuf is severely wounded.
Crazy Yiuf hits you with a +2 quarterstaff of chaos!
* * * LOW HITPOINT WARNING * * *
You feel drained.
* * * LOW HITPOINT WARNING * * *
You hit Crazy Yiuf.
Crazy Yiuf is severely wounded.
Crazy Yiuf hits you with a +2 quarterstaff of chaos.
* * * LOW HITPOINT WARNING * * *
You feel your power leaking away.
Your plate armour prevents you from hitting Crazy Yiuf.
Crazy Yiuf is severely wounded.
Crazy Yiuf says, "Lay cower ladder!"
Crazy Yiuf hits you but does no damage.
You hit Crazy Yiuf.
Crazy Yiuf is almost dead.
You closely miss Crazy Yiuf.
Crazy Yiuf is almost dead.
Crazy Yiuf hits you with a +2 quarterstaff of chaos.
You die...

................##
................#
...............##
..##..#)########
.....(#.#
..##.##.##♣♣♣♣♣
...#.##..#..♣.♣♣♣ ###
.............♣..♣#...#
............♣♣♣♣@g...#
.........#.♣♣ ♣♣#..)#
........##♣♣ ###
..<.....# ........#
........# #########


You could see Crazy Yiuf.

Vanquished Creatures
  3 adders (D:2)
  A dart slug (D:2)
  A leopard gecko (D:1)
  3 giant cockroaches
  4 hobgoblins
  7 jackals (D:2)
  A quokka (D:2)
  A ball python (D:1)
  4 bats
  A frilled lizard (D:1)
  4 goblins
  5 kobolds
  9 rats
44 creatures vanquished.

Notes
Turn   | Place    | Note
-------+----------+-------------------------------------------
     0 | D:1      | Marnok the Deep Dwarf Monk began the quest for the Orb.
     0 | D:1      | Reached XP level 1. HP: 20/20 MP: 1/1
   229 | D:1      | Reached XP level 2. HP: 17/27 MP: 2/2
   830 | D:2      | Reached XP level 3. HP: 18/34 MP: 3/3
  1061 | D:2      | Reached skill level 4 in Dodging
  1168 | D:2      | Reached XP level 4. HP: 23/42 MP: 4/4
  1241 | D:2      | Found a runed translucent door.
  1242 | D:2      | Noticed Crazy Yiuf
  1316 | D:2      | Slain by Crazy Yiuf

Skill      XL: |  1  2  3 |
---------------+----------+-----
Fighting       | 3 |  3.1
Polearms       | 3 |  3.4
Stealth        | 3 |  3.1
Dodging        | 4 |  4.0
Armour         | |  0.4

Action                   |  1- 3 |  4- 6 || total
-------------------------+-------+-------++-------
Melee: Spear             |   186 |    11 ||   197
  Use: Potion            |     1 |     4 ||     5
 Stab: Sleeping          |     4 |       ||     4
  Eat: Chunk             |     1 |       ||     1
Armor: Robe              |    19 |       ||    19
       Plate armour      |   176 |     1 ||   177
Dodge: Dodged            |    88 |     2 ||    90
